[Event "Titled Tuesday Blitz May 2 Late 2023"]
[White "Jovic, Stanoje"]
[Black "Marcziter, Dmitrii"]
[WhiteFideId "905020"]
[BlackFideId "13900765"]
[WhiteElo "2236"]
[BlackElo "2162"]
[Result "1-0"]
[Round "08"]
[TimeControl "180+2"]
[Date "2023.05.02"]
[WhiteClock "0:00:44"]
[BlackClock "0:00:12"]

1. c4 e5 2. g3 Nc6 3. Bg2 g6 4. Nc3 Bg7 5. Nf3 d6 6. d3 f5 7. Rb1 a5 8. a3 Nf6 9. b4 axb4 10. axb4 O-O 11. b5 Ne7 12. Bg5 h6 13. Bxf6 Bxf6 14. Nd5 Bg7 15. O-O Be6 16. e4 c6 17. Nxe7+ Qxe7 18. bxc6 bxc6 19. Qb3 Rad8 20. Nh4 Qf7 21. exf5 gxf5 22. Bxc6 e4 23. Bd5 Bxd5 24. cxd5 Rde8 25. Ng2 Be5 26. Rbe1 Rb8 27. Qd1 Bc3 28. Re2 Rb4 29. Nf4 Be5 30. Ne6 Rc8 31. dxe4 fxe4 32. Qd2 Rb2 33. Qe3 Rxe2 34. Qxe2 Qf3 35. Re1 1-0


[Site "https://www.chess.com"]

[Event "Titled Tuesday Blitz May 2 Late 2023"]
[White "Dobrowolski, Piotr"]
[Black "Gerbelli Neto, Eduardo"]
[WhiteFideId "1106236"]
[BlackFideId "2103281"]
[WhiteElo "2320"]
[BlackElo "2178"]
[Result "1-0"]
[Round "08"]
[TimeControl "180+2"]
[Date "2023.05.02"]
[WhiteClock "0:01:41"]
[BlackClock "0:00:34"]

1. e4 e5 2. Nf3 Nc6 3. Nc3 Nf6 4. h3 d5 5. exd5 Nxd5 6. Bb5 Nxc3 7. bxc3 Bd6 8. d4 exd4 9. cxd4 O-O 10. O-O Bf5 11. c4 a6 12. Ba4 Nb8 13. Bb2 c6 14. Re1 b5 15. Bb3 Nd7 16. c5 Bc7 17. d5 cxd5 18. Qxd5 Be6 19. Rxe6 fxe6 20. Qxe6+ Kh8 21. Rd1 Nxc5 22. Bxg7+ Kxg7 23. Qg4+ Kh8 24. Rxd8 Raxd8 25. g3 Nxb3 26. axb3 Rd1+ 27. Kg2 Rd3 28. Ng5 Bb6 29. Ne4 Rxb3 30. Qe6 1-0


[Site "https://www.chess.com"]

[Event "Titled Tuesday Blitz May 2 Late 2023"]
[White "Ocelak, Jakub"]
[Black "Spitzl, Vinzent"]
[WhiteFideId "23707933"]
[BlackFideId "12901253"]
[WhiteElo "2044"]
[BlackElo "2225"]
[Result "0-1"]
[Round "08"]
[TimeControl "180+2"]
[Date "2023.05.02"]
[WhiteClock "0:00:16"]
[BlackClock "0:00:33"]

1. b3 Nf6 2. Bb2 e6 3. Nf3 d5 4. e3 Be7 5. c4 O-O 6. Nc3 b6 7. cxd5 exd5 8. d4 Bb7 9. Bd3 a6 10. O-O Nbd7 11. Ne5 Bd6 12. f4 Ne4 13. Nxe4 dxe4 14. Bc4 b5 15. Be2 f6 16. Nxd7 Qxd7 17. f5 Bd5 18. Rc1 c6 19. Qd2 a5 20. Bc3 a4 21. Bd1 axb3 22. Bxb3 Bxb3 23. axb3 Qf7 24. Bb4 Rfd8 25. Bxd6 Rxd6 26. Qb4 Qd7 27. Ra1 Rc8 28. Ra5 Rd5 29. g4 h5 30. h3 c5 31. Qxb5 Qc7 32. Kg2 h4 33. Rf2 Qg3+ 34. Kf1 Kh7 35. Qc4 cxd4 36. Rxd5 Rxc4 37. bxc4 dxe3 38. Re2 Qf3+ 39. Ke1 Qh1# 0-1


[Site "https://www.chess.com"]

[Event "Titled Tuesday Blitz May 2 Late 2023"]
[White "Bryant, Todd"]
[Black "Remolar Gallen, Jose"]
[WhiteFideId "2031299"]
[BlackFideId "2215187"]
[WhiteElo "2075"]
[BlackElo "2223"]
[Result "1-0"]
[Round "08"]
[TimeControl "180+2"]
[Date "2023.05.02"]
[WhiteClock "0:00:12"]
[BlackClock "0:00:53"]

1. e4 g6 2. d4 Bg7 3. Nc3 c6 4. f4 d5 5. e5 h5 6. Be3 Nh6 7. Qd2 Ng4 8. Nf3 Nxe3 9. Qxe3 Bf5 10. O-O-O b5 11. Bd3 e6 12. h3 Qa5 13. Kb1 Nd7 14. Bxf5 gxf5 15. Ng5 Nb6 16. b3 Bf8 17. g4 Rb8 18. gxf5 Nc4 19. bxc4 Bb4 20. Ne2 bxc4 21. Ka1 Rb6 22. c3 Ba3 23. Rb1 Ke7 24. Rxb6 axb6 25. Rb1 Ra8 26. Qd2 exf5 27. Ng3 b5 28. Nxf5+ Kf8 29. e6 b4 30. cxb4 c3 31. Qxc3 Bxb4 32. Qxb4+ 1-0


[Site "https://www.chess.com"]

[Event "Titled Tuesday Blitz May 2 Late 2023"]
[White "Colpe, Malte"]
[Black "Buchenau, Frank"]
[WhiteFideId "24623075"]
[BlackFideId "4604350"]
[WhiteElo "2289"]
[BlackElo "2157"]
[Result "1-0"]
[Round "08"]
[TimeControl "180+2"]
[Date "2023.05.02"]
[WhiteClock "0:00:10"]
[BlackClock "0:00:02"]

1. c4 e5 2. Nc3 Nf6 3. d3 Bb4 4. Bd2 O-O 5. e4 Re8 6. Nf3 c6 7. Be2 d5 8. O-O d4 9. Nb1 a5 10. a3 Bxd2 11. Nbxd2 a4 12. c5 Nbd7 13. Rc1 Ra5 14. Nc4 Rxc5 15. Nd6 Re6 16. Nf5 g6 17. Nh6+ Kg7 18. Qd2 Rxc1 19. Rxc1 Ng8 20. Nxg8 Kxg8 21. Bd1 b5 22. b3 Nb6 23. Qh6 Qf8 24. Qh4 f6 25. bxa4 bxa4 26. Rb1 c5 27. Nd2 Ba6 28. Qh3 Qe7 29. Bg4 Rc6 30. Bd1 Kg7 31. f4 exf4 32. Qf3 g5 33. e5 Re6 34. exf6+ Qxf6 35. Ne4 g4 36. Qxg4+ Qg6 37. Qh3 Nd5 38. Bh5 Qh6 39. Qg4+ Rg6 40. Bxg6 Qxg6 41. Qd7+ Qf7 42. Qg4+ Kh6 43. Qf3 Ne3 44. Nf2 Qf5 45. Rb6+ Kg7 46. Rxa6 c4 47. Qb7+ Qf7 48. Qxf7+ Kxf7 49. dxc4 Nxc4 50. Nd3 Nxa3 51. Rxa4 Nc2 52. Rc4 Ne3 53. Rxd4 Nf5 54. Rxf4 Kg6 55. Ne5+ Kg5 56. Rxf5+ Kxf5 57. Nf3 Kg6 58. Kf2 h6 59. Kg3 1-0


[Site "https://www.chess.com"]

[Event "Titled Tuesday Blitz May 2 Late 2023"]
[White "Ciolacu, Alessia-Mihaela"]
[Black "Ardila, Oscar Humberto"]
[WhiteFideId "1252640"]
[BlackFideId "4404742"]
[WhiteElo "1913"]
[BlackElo "1918"]
[Result "1-0"]
[Round "08"]
[TimeControl "180+2"]
[Date "2023.05.02"]
[WhiteClock "0:01:19"]
[BlackClock "0:00:46"]

1. e4 e5 2. Nf3 Nf6 3. Nc3 Nc6 4. d4 exd4 5. Nxd4 Bb4 6. Nxc6 bxc6 7. Bd3 d5 8. O-O O-O 9. exd5 c5 10. Bg5 h6 11. Bh4 g5 12. Bg3 Bxc3 13. bxc3 Nxd5 14. Be4 Be6 15. Qe1 c6 16. c4 Nb4 17. a3 Na6 18. Bxc6 Rc8 19. Bb7 Qb6 20. Rb1 Nb4 21. Bxc8 Bxc8 22. axb4 cxb4 23. Qxb4 Qc6 24. Qb5 Qg6 25. Qc6 Be6 26. Rb8 Rxb8 27. Bxb8 Qxc2 28. c5 Qb3 29. Be5 Kh7 30. Qe8 a5 31. c6 Qd5 32. Qh8+ Kg6 33. Qf6+ Kh5 34. Qf3+ Qxf3 35. gxf3 Kg6 36. c7 1-0


[Site "https://www.chess.com"]

[Event "Titled Tuesday Blitz May 2 Late 2023"]
[White "Gabdushev, Ruslan"]
[Black "Pein, Jonathan"]
[WhiteFideId "4137833"]
[BlackFideId "417092"]
[WhiteElo "2233"]
[BlackElo "2151"]
[Result "0-1"]
[Round "08"]
[TimeControl "180+2"]
[Date "2023.05.02"]
[WhiteClock "0:00:30"]
[BlackClock "0:00:51"]

1. b3 c5 2. Bb2 Nf6 3. e3 g6 4. Bxf6 exf6 5. c3 d5 6. d4 Bg7 7. g3 O-O 8. Bg2 Nc6 9. Ne2 f5 10. O-O Re8 11. dxc5 a5 12. Qxd5 Qxd5 13. Bxd5 Nb4 14. Bf3 Nc2 15. Nd2 Nxa1 16. Rxa1 Re5 17. c6 bxc6 18. Bxc6 Rb8 19. Nc4 Rc5 20. Bf3 Ba6 21. Rd1 Bxc4 22. bxc4 Rxc4 23. Rd7 Rbc8 24. Ra7 R4c7 25. Rxa5 Bxc3 26. Nxc3 Rxc3 27. Ra7 R8c5 28. Rd7 Kf8 29. h4 Rc2 30. Bd5 Ke8 31. Rxf7 Rxd5 32. Rxh7 Rdd2 33. h5 Rxf2 34. hxg6 Rfd2 0-1


[Site "https://www.chess.com"]

[Event "Titled Tuesday Blitz May 2 Late 2023"]
[White "De Souza, Cristiano Gomes"]
[Black "Seletsky, Grigory"]
[WhiteFideId "2151758"]
[BlackFideId "14112191"]
[WhiteElo "2068"]
[BlackElo "2490"]
[Result "0-1"]
[Round "08"]
[TimeControl "180+2"]
[Date "2023.05.02"]
[WhiteClock "0:00:17"]
[BlackClock "0:01:04"]

1. d4 c5 2. d5 e5 3. c4 d6 4. Nc3 Nf6 5. e4 Be7 6. Be2 O-O 7. Nf3 Ne8 8. O-O Bg4 9. Ne1 Bxe2 10. Qxe2 Bg5 11. Nd3 Bxc1 12. Raxc1 Nd7 13. f4 exf4 14. Rxf4 Qe7 15. Rcf1 Ne5 16. Nxe5 Qxe5 17. Qf2 Nf6 18. g4 Qe7 19. g5 Nd7 20. h4 Ne5 21. Qe2 a6 22. b3 Rab8 23. Nd1 b5 24. Ne3 bxc4 25. Nxc4 Nxc4 26. Qxc4 Rb4 27. Qxa6 Rxe4 28. Rxe4 Qxe4 29. Qxd6 Qg4+ 30. Kh2 Qxh4+ 31. Kg2 Qxg5+ 32. Kh1 Rd8 33. Qxc5 Rxd5 34. Qc8+ Rd8 35. Qh3 g6 36. Qg2 Qh6+ 37. Kg1 Rd2 38. Rf2 Qe3 39. Qf3 Qa7 40. Kg2 Rd4 41. Re2 Qd7 42. Qe3 Kg7 43. Qe5+ f6 44. Qe7+ Qxe7 45. Rxe7+ Kh6 46. Ra7 Kg5 47. Kf3 h5 48. Ke3 Rb4 49. Kd3 h4 50. Kc3 Re4 51. a4 h3 52. Rh7 Rh4 53. Rxh4 Kxh4 0-1


[Site "https://www.chess.com"]

[Event "Titled Tuesday Blitz May 2 Late 2023"]
[White "Jodorcovsky Werjivker, Paulo"]
[Black "Sai Han Thiha"]
[WhiteFideId "3700305"]
[BlackFideId "13012290"]
[WhiteElo "2120"]
[BlackElo "1954"]
[Result "1-0"]
[Round "08"]
[TimeControl "180+2"]
[Date "2023.05.02"]
[WhiteClock "0:00:24"]
[BlackClock "0:00:10"]

1. e4 c6 2. d4 d5 3. exd5 cxd5 4. Bd3 Nc6 5. c3 Nf6 6. Bf4 Bg4 7. Qb3 Qd7 8. Nd2 e6 9. Ngf3 Bd6 10. Bxd6 Qxd6 11. O-O O-O 12. Rae1 Rab8 13. Ne5 Bh5 14. f4 Ne7 15. f5 exf5 16. Bxf5 Nxf5 17. Rxf5 b5 18. a3 a5 19. Qc2 b4 20. axb4 axb4 21. Qd3 bxc3 22. bxc3 Rfc8 23. Qg3 Bg6 24. Nxg6 Qxg3 25. Ne7+ Kf8 26. hxg3 Rxc3 27. Nxd5 Nxd5 28. Rxd5 Rxg3 29. Nf3 g6 30. Rg5 Rxg5 31. Nxg5 Rb5 32. Nf3 f6 33. Kf2 h5 34. Kg3 Kf7 35. Rc1 Rb7 36. d5 Rd7 37. Rc5 Ke7 38. Kf4 Kd6 39. Rc6+ Ke7 40. Rc5 Ra7 41. Nd4 Kd6 42. Nb5+ Kxc5 43. Nxa7 Kxd5 44. Nb5 Ke6 45. Nc7+ Kd7 46. Nd5 Ke6 47. Ne3 Kd6 48. Ke4 Ke6 49. Nc4 h4 50. Kf4 Kd5 51. Nd2 Ke6 52. Kg4 g5 53. Nf3 Ke7 54. Nd4 Kd6 55. Kf5 Ke7 56. Nc2 Kf7 57. Ne3 Kg7 58. Ng4 Kf7 59. Nxf6 Kg7 60. Ne4 Kh6 61. Nxg5 Kh5 62. Nh3 Kh6 63. Kg4 Kg6 64. Kxh4 Kh6 65. g4 Kg6 66. g5 Kg7 67. Kh5 Kf7 68. g6+ Kg7 69. Kg5 Kg8 70. Kh6 Kf8 1-0


[Site "https://www.chess.com"]

[Event "Titled Tuesday Blitz May 2 Late 2023"]
[White "Nunez V, Gustavo Eduardo"]
[Black "Ng, Gary"]
[WhiteFideId "4403690"]
[BlackFideId "2604914"]
[WhiteElo "2228"]
[BlackElo "2213"]
[Result "1-0"]
[Round "08"]
[TimeControl "180+2"]
[Date "2023.05.02"]
[WhiteClock "0:00:25"]
[BlackClock "0:00:01"]

1. e4 b6 2. Nc3 Bb7 3. g3 e6 4. Bg2 Bb4 5. Nge2 h5 6. h3 h4 7. g4 Ne7 8. d4 d5 9. e5 c5 10. a3 Ba5 11. Be3 Nbc6 12. dxc5 Nxe5 13. b4 bxc5 14. bxa5 d4 15. Bxb7 Rb8 16. Bf4 Rxb7 17. Bxe5 Qxa5 18. O-O dxc3 19. Bxc3 Qc7 20. Rb1 Nd5 21. Rxb7 Qxb7 22. Bxg7 Rg8 23. Be5 f5 24. c4 fxg4 25. cxd5 gxh3+ 26. Kh2 Qf7 27. Nf4 Qf5 28. dxe6 Rg2+ 29. Nxg2 hxg2 30. Qd7+ Kf8 31. Bd6+ Kg8 32. Qe8+ Kh7 33. Qe7+ Kg8 34. Rg1 h3 35. Qf7+ 1-0


[Site "https://www.chess.com"]

[Event "Titled Tuesday Blitz May 2 Late 2023"]
[White "Romero Ruscalleda, Josep"]
[Black "Rottenwohrer Suarez, Juan"]
[WhiteFideId "2231859"]
[BlackFideId "32068182"]
[WhiteElo "2183"]
[BlackElo "2174"]
[Result "1-0"]
[Round "08"]
[TimeControl "180+2"]
[Date "2023.05.02"]
[WhiteClock "0:00:11"]
[BlackClock "0:00:03"]

1. e4 c5 2. c3 Nf6 3. e5 Nd5 4. Nf3 d6 5. Bc4 Nb6 6. e6 Bxe6 7. Bxe6 fxe6 8. Ng5 h6 9. Nxe6 Qc8 10. Qh5+ Kd7 11. Qf5 Kc6 12. d4 N8d7 13. a4 Nf6 14. dxc5 g6 15. Nd4+ Kc7 16. cxb6+ axb6 17. Nb5+ Kd8 18. Qxg6 Rg8 19. Qf7 Qg4 20. Be3 Qxg2 21. Bxb6+ Kd7 22. Rf1 Qe4+ 23. Be3 Rxa4 24. Rxa4 Qxa4 25. Nd4 Qa1 26. Qe6+ Kd8 27. Qf5 Qxb2 28. Ne6+ Ke8 29. Nd2 Qxc3 30. Qb5+ Kf7 31. Bd4 Qc1+ 32. Ke2 Qc6 33. Nd8+ Ke8 34. Nxc6 bxc6 35. Qxc6+ Kf7 36. Qc4+ 1-0


[Site "https://www.chess.com"]

[Event "Titled Tuesday Blitz May 2 Late 2023"]
[White "Topalov, Aleksandar"]
[Black "Stanisz, Patryk"]
[WhiteFideId "925659"]
[BlackFideId "1123106"]
[WhiteElo "2151"]
[BlackElo "2069"]
[Result "1-0"]
[Round "08"]
[TimeControl "180+2"]
[Date "2023.05.02"]
[WhiteClock "0:00:52"]
[BlackClock "0:00:21"]

1. b3 d5 2. Bb2 Nc6 3. Nf3 Bg4 4. e3 e5 5. h3 Bxf3 6. Qxf3 Nf6 7. Bb5 Bd6 8. O-O O-O 9. Bxc6 bxc6 10. d3 Re8 11. e4 a5 12. a4 Bb4 13. Nc3 Bxc3 14. Bxc3 d4 15. Bd2 Re6 16. Qe2 c5 17. f4 exf4 18. Rxf4 Nd7 19. Raf1 Ne5 20. Qe1 Qe7 21. Bxa5 Rf8 22. Bd2 Ng6 23. Rf5 Nh4 24. Bg5 Nxf5 25. Bxe7 Nxe7 26. Qg3 c6 27. Qc7 Rc8 28. Qd7 Kf8 29. a5 c4 30. bxc4 c5 31. Qxe6 1-0


[Site "https://www.chess.com"]

[Event "Titled Tuesday Blitz May 2 Late 2023"]
[White "Fernandez Siles, Luis"]
[Black "Srdanovic, Jovana"]
[WhiteFideId "2209420"]
[BlackFideId "954810"]
[WhiteElo "2195"]
[BlackElo "2145"]
[Result "1-0"]
[Round "08"]
[TimeControl "180+2"]
[Date "2023.05.02"]
[WhiteClock "0:00:19"]
[BlackClock "0:00:05"]

1. e4 c5 2. Nf3 e6 3. c3 d5 4. exd5 exd5 5. d4 Nf6 6. Bb5+ Bd7 7. Bxd7+ Nbxd7 8. O-O Be7 9. dxc5 Nxc5 10. Nbd2 O-O 11. Nb3 Nce4 12. Be3 h6 13. Nfd4 Qd7 14. Qf3 a6 15. Nf5 Rfe8 16. Rad1 Qa4 17. Nbd4 Qxa2 18. Nxg7 Kxg7 19. Nf5+ Kh8 20. Bxh6 Bf8 21. Qh3 Nh7 22. Rd3 Qc4 23. Bxf8 Rxf8 24. Qh6 Rg8 25. Rh3 Rxg2+ 26. Kxg2 Rg8+ 27. Ng3 Rg7 28. Re1 Qc5 29. Re3 a5 30. Rh4 a4 31. h3 a3 32. bxa3 b5 33. Rg4 Qf8 34. Rxg7 Qxg7 35. Qxg7+ Kxg7 36. Nxe4 dxe4 37. Rxe4 Nf6 38. Rb4 1-0


[Site "https://www.chess.com"]

[Event "Titled Tuesday Blitz May 2 Late 2023"]
[White "Bueno, Alfeu Junior Varela"]
[Black "Quirke, Jeffrey"]
[WhiteFideId "2108879"]
[BlackFideId "2013029"]
[WhiteElo "2175"]
[BlackElo "2007"]
[Result "1-0"]
[Round "08"]
[TimeControl "180+2"]
[Date "2023.05.02"]
[WhiteClock "0:00:02"]
[BlackClock "0:00:01"]

1. e4 Nf6 2. e5 Nd5 3. c4 Nb6 4. d4 d6 5. exd6 exd6 6. Bd3 Be7 7. Ne2 Bf6 8. O-O O-O 9. Nbc3 Nc6 10. b3 d5 11. c5 Nd7 12. b4 Nxb4 13. Bb1 c6 14. Bf4 g6 15. Qd2 Na6 16. Bd3 Nc7 17. Rab1 Ne6 18. Be3 Re8 19. Rb3 b6 20. cxb6 axb6 21. Rc1 Bb7 22. f4 Ng7 23. Ng3 Ra7 24. Bb1 c5 25. Kh1 h5 26. Nb5 h4 27. Nf1 Qb8 28. Nxa7 Qxa7 29. Qf2 Nf5 30. Bxf5 gxf5 31. Kg1 c4 32. Rb2 Nf8 33. Bd2 Ne6 34. Bc3 Qb8 35. g3 Qc7 36. Rd2 Ra8 37. Ne3 Ra3 38. Kg2 h3+ 39. Kxh3 Ng7 40. Kg2 Qc6 41. Kg1 Qa4 42. Qe2 Qa6 43. Nd1 Qa4 44. Nb2 Qa6 45. Nd1 Bc6 46. Bb4 Bd7 47. Bxa3 Qxa3 48. Qe3 Qa5 49. Qc3 Qa6 50. Ne3 Qa7 51. Qc2 Qb7 52. Nxf5 Bxf5 53. Qc3 Be4 54. Re1 Qc8 55. Rf1 Qh3 56. Re1 Nf5 57. a4 Bxd4+ 58. Rxd4 1-0


[Site "https://www.chess.com"]

[Event "Titled Tuesday Blitz May 2 Late 2023"]
[White "Goltsev, Dmitry"]
[Black "Eisa Mohmood, Alkhoori"]
[WhiteFideId "24176710"]
[BlackFideId "9316116"]
[WhiteElo "2336"]
[BlackElo "1310"]
[Result "1-0"]
[Round "08"]
[TimeControl "180+2"]
[Date "2023.05.02"]
[WhiteClock "0:01:34"]
[BlackClock "0:00:05"]

1. e4 c5 2. Nf3 d6 3. d4 cxd4 4. Nxd4 Nf6 5. Nc3 g6 6. f4 Bg7 7. e5 Nh5 8. Bb5+ Bd7 9. e6 fxe6 10. Nxe6 Bxc3+ 11. bxc3 Qc8 12. Qd4 Nf6 13. Bxd7+ Kxd7 14. Ng5 Qc6 15. O-O Qd5 16. Qb4 b6 17. Be3 Nc6 18. Qa4 h6 19. Rad1 Qa5 20. Qxa5 Nxa5 21. Nf7 Rhf8 22. Ne5+ Kc7 23. Nxg6 Rf7 24. f5 Rc8 25. Bxh6 Kd7 26. Ne5+ Ke8 27. Nxf7 Kxf7 28. Rfe1 Rxc3 29. Re2 Nc6 30. Bg5 Nd7 31. h4 Nde5 32. h5 Rg3 33. Bf4 Rg4 34. g3 Nf3+ 35. Kf2 Nfd4 36. Re4 Nxf5 37. Rc4 Ne5 38. Rc7 Ke6 39. Rxa7 Rg8 40. Re1 Rc8 41. Re2 Nd4 42. Rd2 Ng4+ 43. Kg2 Nxc2 44. Re2+ Ne5 45. h6 Rg8 46. h7 Rh8 47. Bxe5 dxe5 48. Rxc2 Rxh7 49. Rc6+ Kd5 50. Rxb6 Rh6 51. Rxh6 e6 52. Ra5+ Ke4 53. Rh4+ Kf5 54. Kf3 Kg5 55. Ke4 Kf6 56. Rxe5 Ke7 57. Rh6 Kf7 58. Rhxe6 Kg7 59. Ra6 Kf7 60. Rb5 Ke7 61. Rb7+ Kd8 62. Ra8# 1-0


[Site "https://www.chess.com"]

[Event "Titled Tuesday Blitz May 2 Late 2023"]
[White "Palencia Morales, Wilson Guillermo"]
[Black "Prieto Aranguren, Alain"]
[WhiteFideId "4401859"]
[BlackFideId "2268906"]
[WhiteElo "2139"]
[BlackElo "2209"]
[Result "1-0"]
[Round "08"]
[TimeControl "180+2"]
[Date "2023.05.02"]
[WhiteClock "0:00:38"]
[BlackClock "0:00:02"]

1. d4 Nf6 2. c4 g6 3. Nf3 Bg7 4. Nc3 O-O 5. e4 d6 6. Be2 e5 7. O-O Nc6 8. d5 Ne7 9. Ne1 Nd7 10. Nd3 f5 11. Bd2 c5 12. dxc6 Nxc6 13. b4 Nd4 14. Re1 Nf6 15. Bf1 fxe4 16. Nxe4 Nxe4 17. Rxe4 Bf5 18. Re1 Rc8 19. Rc1 Qf6 20. f3 Qh4 21. Nf2 Kh8 22. Bd3 Bxd3 23. Nxd3 Bh6 24. Re4 Qh5 25. c5 Bxd2 26. Qxd2 dxc5 27. Rxe5 Qh4 28. Re4 Qf6 29. Nxc5 Nf5 30. Qc3 Qxc3 31. Rxc3 b6 32. Na4 Rxc3 33. Nxc3 Rc8 34. Nb5 Rc2 35. a3 g5 36. Nxa7 Nh4 37. Rg4 h6 38. f4 Ng6 39. fxg5 h5 40. Re4 Kg7 41. h4 Kf7 42. Kh2 Ne7 43. Nb5 Nf5 44. Nd4 Rc4 45. Nxf5 1-0


[Site "https://www.chess.com"]

[Event "Titled Tuesday Blitz May 2 Late 2023"]
[White "Ezat, Mohamed"]
[Black "Elissalt Cardenas, Hector"]
[WhiteFideId "10600906"]
[BlackFideId "3500632"]
[WhiteElo "2386"]
[BlackElo "2202"]
[Result "0-1"]
[Round "08"]
[TimeControl "180+2"]
[Date "2023.05.02"]
[WhiteClock "0:00:19"]
[BlackClock "0:00:06"]

1. e3 e5 2. Nf3 Nc6 3. d4 e4 4. Nfd2 d5 5. c4 Be6 6. Nc3 Nf6 7. cxd5 Bxd5 8. Nxd5 Qxd5 9. Bc4 Qg5 10. O-O Bd6 11. f4 exf3 12. Nxf3 Qh5 13. e4 Nxd4 14. Nxd4 Qxh2+ 15. Kf2 O-O-O 16. Qf3 Rhe8 17. Re1 Bc5 18. Qf5+ Nd7 19. Be3 Re5 20. Qf3 Qh4+ 21. Kg1 Rxe4 22. Nf5 Bxe3+ 23. Rxe3 Rxe3 24. Nxh4 Rxf3 25. Nxf3 f6 26. Rd1 Nc5 27. Rxd8+ Kxd8 28. Kf2 Ne4+ 29. Ke3 Nd6 30. Bd3 g6 31. Nd2 Ke7 32. Ne4 Nxe4 33. Bxe4 c6 34. Kd4 Kd6 35. b4 f5 36. Bd3 b6 37. Ba6 c5+ 38. bxc5+ bxc5+ 39. Kc4 h5 40. Bc8 f4 41. Bb7 g5 42. Be4 g4 43. Bb7 h4 44. Be4 Ke5 45. Bb7 f3 46. gxf3 g3 47. f4+ Kxf4 48. Kd3 h3 49. Ke2 g2 50. Kf2 c4 51. Ba6 c3 52. Bd3 Ke5 53. Bc2 Kd4 54. Kg1 Ke3 55. Ba4 Kd2 0-1


[Site "https://www.chess.com"]

[Event "Titled Tuesday Blitz May 2 Late 2023"]
[White "Rodriguez Santiago, Jaime"]
[Black "Ladan, Nicholas"]
[WhiteFideId "3100898"]
[BlackFideId "30918855"]
[WhiteElo "2025"]
[BlackElo "2167"]
[Result "0-1"]
[Round "08"]
[TimeControl "180+2"]
[Date "2023.05.02"]
[WhiteClock "0:00:14"]
[BlackClock "0:00:25"]

1. c4 c6 2. d4 d5 3. cxd5 cxd5 4. Bf4 Nc6 5. e3 Nf6 6. Nc3 a6 7. Be2 Bf5 8. g4 Bg6 9. h4 h5 10. g5 Ne4 11. Bf3 Nxc3 12. bxc3 Qa5 13. Ne2 e6 14. a4 Rc8 15. Kf1 Be7 16. Qb3 b5 17. Kg2 b4 18. cxb4 Nxb4 19. Rhc1 O-O 20. Ng3 Nc2 21. Ra2 Qd2 22. Rf1 Rc3 23. Qb7 Nxe3+ 24. Bxe3 Qxa2 25. Bf4 Qa3 26. Bxh5 Rxg3+ 27. fxg3 Bxh5 28. Rf2 Bd6 29. Qxa6 Bxf4 30. gxf4 Bg4 31. Kg1 Qg3+ 32. Rg2 Qe1+ 33. Qf1 Qxf1+ 34. Kxf1 Bh3 0-1


[Site "https://www.chess.com"]

[Event "Titled Tuesday Blitz May 2 Late 2023"]
[White "Estremera Panos, Sergio"]
[Black "Gatterer, Florian"]
[WhiteFideId "2200864"]
[BlackFideId "811688"]
[WhiteElo "2253"]
[BlackElo "2221"]
[Result "1-0"]
[Round "08"]
[TimeControl "180+2"]
[Date "2023.05.02"]
[WhiteClock "0:00:21"]
[BlackClock "0:00:14"]

1. d4 Nf6 2. c4 g6 3. Nc3 d5 4. cxd5 Nxd5 5. e4 Nxc3 6. bxc3 Bg7 7. Nf3 c5 8. Bb5+ Bd7 9. Bxd7+ Nxd7 10. O-O O-O 11. Rb1 b6 12. Bf4 cxd4 13. cxd4 e6 14. Qd2 Re8 15. Rbc1 Rc8 16. Rxc8 Qxc8 17. Rc1 Qa6 18. Rc7 Nf6 19. Qc2 Nh5 20. Be3 h6 21. h3 Qa3 22. Qc6 Rf8 23. Qc4 Nf6 24. d5 exd5 25. exd5 Ne8 26. Rd7 Nd6 27. Qc6 Nf5 28. Bf4 Qxa2 29. d6 Qe6 30. Rxa7 g5 31. Bh2 Rc8 32. Rc7 Re8 33. Bg3 Nxg3 34. fxg3 Qe3+ 35. Kh2 g4 36. hxg4 Qe6 37. Qxe8+ Qxe8 38. d7 Qe7 39. Rc8+ Bf8 40. d8=Q Qb4 41. Ne5 Kg7 42. Qxf8+ Qxf8 43. Rxf8 Kxf8 44. Nd7+ Ke7 45. Nxb6 Kf6 46. Nc4 Kg5 47. Nd2 f5 48. gxf5 Kxf5 49. Nf3 Kg4 50. Ne5+ Kf5 51. Nd3 Kg4 52. Nf2+ Kg5 53. Kh3 h5 54. g4 hxg4+ 55. Nxg4 Kf5 56. Nf2 Kf4 57. g4 Kg5 58. Kg3 Kf6 59. Ne4+ Kg6 60. Kf4 Kg7 61. g5 Kf7 62. Kf5 Kg8 63. Kg6 Kh8 64. Kf7 Kh7 65. g6+ Kh6 66. g7 Kh5 67. g8=Q 1-0


[Site "https://www.chess.com"]

[Event "Titled Tuesday Blitz May 2 Late 2023"]
[White "Chemin, Justo Reinaldo"]
[Black "Grinev, Valeriy"]
[WhiteFideId "2101580"]
[BlackFideId "14117517"]
[WhiteElo "1940"]
[BlackElo "2366"]
[Result "1-0"]
[Round "08"]
[TimeControl "180+2"]
[Date "2023.05.02"]
[WhiteClock "0:00:56"]
[BlackClock "0:01:43"]

1. e4 d5 2. exd5 Qxd5 3. Nc3 Qd8 4. Bc4 g6 5. d4 Bg7 6. Be3 Nh6 7. Nge2 Nf5 8. Qd2 h5 9. h3 a6 10. a4 Nd7 11. Ng3 Nxe3 12. fxe3 Nb6 13. Bb3 e5 14. O-O O-O 15. d5 Qh4 16. Qf2 Nc4 17. Bxc4 Qxc4 18. e4 Bh6 19. Qf3 Bd7 20. b3 Qc5+ 21. Kh1 b5 22. axb5 axb5 23. Rxa8 Rxa8 24. Qxf7+ Kh8 25. Qxg6 Bf4 26. Nxh5 Rg8 27. Qf6+ Kh7 28. Ne2 Qxc2 29. Nexf4 Qxe4 30. Qf7+ Kh6 31. Nf6 Rg7 32. Qxg7+ Kxg7 33. Nxe4 1-0


[Site "https://www.chess.com"]

[Event "Titled Tuesday Blitz May 2 Late 2023"]
[White "Piesik, Piotr"]
[Black "Georg, Heinz"]
[WhiteFideId "1136194"]
[BlackFideId "4607295"]
[WhiteElo "2299"]
[BlackElo "2147"]
[Result "0-1"]
[Round "08"]
[TimeControl "180+2"]
[Date "2023.05.02"]
[WhiteClock "0:01:41"]
[BlackClock "0:01:35"]

1. Nf3 f5 2. d3 Nc6 3. d4 d6 4. d5 Ne5 5. Nxe5 dxe5 6. e4 e6 7. Nc3 Nf6 8. Bg5 exd5 9. Nxd5 Be7 10. Bxf6 Bxf6 11. Bc4 c6 12. Nxf6+ Qxf6 13. Qh5+ g6 14. Qh6 Be6 15. Bxe6 Qxe6 16. O-O-O Qxa2 17. Rd6 Rd8 18. Rxd8+ Kxd8 19. Rd1+ Kc8 20. Qg7 Qa1+ 21. Kd2 Rd8+ 0-1


[Site "https://www.chess.com"]

[Event "Titled Tuesday Blitz May 2 Late 2023"]
[White "Lopez Perdomo, Juan David"]
[Black "Jaskolka, Tomasz"]
[WhiteFideId "4405137"]
[BlackFideId "1170791"]
[WhiteElo "1965"]
[BlackElo "2155"]
[Result "0-1"]
[Round "08"]
[TimeControl "180+2"]
[Date "2023.05.02"]
[WhiteClock "0:01:13"]
[BlackClock "0:01:41"]

1. e4 d5 2. exd5 Nf6 3. d4 Bg4 4. Nf3 Nxd5 5. c4 Nf6 6. Bd3 Nc6 7. d5 Ne5 8. Be2 Nxf3+ 9. Bxf3 Bxf3 10. Qxf3 g6 11. O-O Bg7 12. Nc3 O-O 13. Rd1 Qd7 14. Bf4 a6 15. Rd3 Rfd8 16. Rad1 b5 17. c5 b4 18. Ne2 Qb5 19. Bxc7 Rdc8 20. Bb6 Nd7 21. a4 bxa3 22. Rb3 Ne5 23. Qg3 Qxe2 24. Re1 Qxe1# 0-1


[Site "https://www.chess.com"]

[Event "Titled Tuesday Blitz May 2 Late 2023"]
[White "James, Stuart"]
[Black "Todorovic, Bojan"]
[WhiteFideId "7400489"]
[BlackFideId "917087"]
[WhiteElo "1950"]
[BlackElo "2266"]
[Result "0-1"]
[Round "08"]
[TimeControl "180+2"]
[Date "2023.05.02"]
[WhiteClock "0:00:11"]
[BlackClock "0:00:21"]

1. e4 g6 2. d4 Bg7 3. Nf3 d6 4. Be2 a6 5. O-O Nd7 6. Nc3 b5 7. Bg5 Bb7 8. a3 Ngf6 9. d5 O-O 10. Nd4 Ne5 11. f4 c5 12. fxe5 cxd4 13. exf6 exf6 14. Bd2 dxc3 15. Bxc3 Re8 16. Qd4 Re5 17. a4 Bxd5 18. exd5 Rxe2 19. axb5 axb5 20. Rxa8 Qxa8 21. Qd3 Qe8 22. Bxf6 Bxf6 23. Rxf6 Re1+ 24. Rf1 Rxf1+ 25. Kxf1 b4 26. Qd4 Qa4 27. Qc4 Qa1+ 28. Kf2 Qxb2 29. Qd3 Kg7 30. Ke3 Kf6 31. Qd4+ Qxd4+ 32. Kxd4 Kf5 33. g3 h5 34. h3 g5 35. Kc4 Ke5 36. g4 hxg4 37. hxg4 f5 38. gxf5 Kxf5 39. Kxb4 g4 40. Kc3 g3 0-1


[Site "https://www.chess.com"]